 Dungeon Crawl Stone Soup version 0.28.0-45-g0d030f2227 (webtiles) character file.

Game seed: 2411775627303965353

38 Ablot the Grasshopper (level 3, 0/31 HPs)
             Began as a Gnoll Warper on Apr 5, 2022.
             Succumbed to an adder's poison
             ... on level 2 of the Dungeon.
             The game lasted 00:01:16 (1188 turns).

Ablot the Grasshopper (Gnoll Warper)                Turns: 1188, Time: 00:01:17

Health: 0/31       AC:  3    Str:  9 (12) XL:     3   Next: 43%
Magic:  9/9        EV: 16    Int: 10 (12) God:
Gold:   28         SH:  0    Dex:  9 (11) Spells: 10/12 levels left

rFire   + . .      SeeInvis .   a - +0 spear
rCold   . . .      Faith    .   (no shield)
rNeg    . . .      Spirit   .   b - +0 leather armour
rPois   .          Reflect  .   (no helmet)
rElec   .          Harm     .   n - scarf {repulsion}
rCorr   .          Rampage  .   (no gloves)
Will    .....                   (no boots)
Stlth   +.........              (no amulet)
HPRegen 0.10/turn               f - ring of protection from fire
MPRegen 0.11/turn               l - +4 ring of evasion

@: lethally poisoned (0 -> -5), attractive, repel missiles
A: fangs 1, strong nose, distributed training
a: no special abilities


You were on level 2 of the Dungeon.
You visited 1 branch of the dungeon, and saw 2 of its levels.

You collected 28 gold pieces.

Inventory:

Hand Weapons
 a - a +0 spear (weapon)
 w - a +2 short sword of holy wrath
Missiles
 d - 5 boomerangs of dispersal (quivered)
 e - 21 stones
 k - 19 arrows
 m - 3 poisoned darts
Armour
 b - a +0 leather armour (worn)
 n - a scarf of repulsion (worn)
Jewellery
 f - a ring of protection from fire (left hand)
 l - a +4 ring of evasion (right hand)
Scrolls
 c - a scroll of blinking
 i - a scroll of identify {unknown}
 j - a scroll of noise {unknown}
Potions
 h - a potion of degeneration


   Skills:
 + Level 4.5 Fighting
 + Level 0.8 Short Blades
 + Level 0.8 Long Blades
 + Level 0.8 Axes
 + Level 0.8 Maces & Flails
 + Level 4.5 Polearms
 + Level 0.8 Staves
 + Level 0.8 Slings
 + Level 0.8 Bows
 + Level 0.8 Crossbows
 + Level 2.6 Throwing
 + Level 2.6 Armour
 + Level 4.5 Dodging
 + Level 0.8 Stealth
 + Level 0.8 Shields
 + Level 0.8 Unarmed Combat
 + Level 5.0 Spellcasting
 + Level 0.5 Conjurations
 + Level 0.5 Hexes
 + Level 0.5 Summonings
 + Level 0.5 Necromancy
 + Level 5.4 Translocations
 + Level 0.5 Transmutations
 + Level 0.5 Fire Magic
 + Level 0.5 Ice Magic
 + Level 0.5 Air Magic
 + Level 0.5 Earth Magic
 + Level 0.5 Poison Magic
 + Level 1.0 Invocations
 + Level 0.8 Evocations


You had 10 spell levels left.
You knew the following spells:

 Your Spells              Type           Power      Damage    Failure   Level
a - Blink                 Tloc           26%        N/A       4%          2

Your spell library contained the following spells:

 Spells                   Type           Power      Damage    Failure   Level
 Gell's Gravitas          Tloc           13%        N/A       10%         3
 Lesser Beckoning         Tloc           13%        N/A       10%         3
 Teleport Other           Tloc           13%        N/A       10%         3
 Manifold Assault         Tloc           13%        N/A       67%         5


Dungeon Overview and Level Annotations

Branches:
Dungeon (2/15)

Altars:


Innate Abilities, Weirdness & Mutations

You have very sharp teeth.
Your uncanny sense of smell can sniff out nearby items.
Your experience applies equally to all skills.


Message History

The adder is moderately wounded.
You feel sick. The adder bites you but does no damage.
You hit the adder but do no damage.
The adder is moderately wounded.
You feel sick.
You are no longer poisoned.
The adder misses you.
You closely miss the adder. Your bite misses the adder.
The adder is moderately wounded.
The adder closely misses you.
You hit the adder but do no damage.
The adder is moderately wounded.
The adder misses you.
You barely miss the adder.
The adder is moderately wounded.
The adder bites you but does no damage.
You closely miss the adder.
The adder is moderately wounded.
The adder closely misses you. The adder barely misses you.
You hit the adder.
The adder is severely wounded.
The adder bites you.
* * * LOW HITPOINT WARNING * * *
You are lethally poisoned!
The adder poisons you!
Unknown command.
It was a potion of degeneration.
There was something very wrong with that liquid.
You feel weakened.
You feel dopey.
You feel clumsy.
* * * LOW HITPOINT WARNING * * *
You feel sick. The adder bites you.
* * * LOW HITPOINT WARNING * * *
It was a potion of attraction.
You feel attractive to monsters.
* * * LOW HITPOINT WARNING * * *
You feel sick. The adder misses you.
Unknown command.
You barely miss the adder.
The adder is severely wounded.
You die...

... #+# #.# #.#
#.# #.# ..#
##.###### # #.#
##.......# ##
#.# #.....##.#
##.
###.####...###.#
#.. ..........##
#.######..8 ##.
###.#####.#
#..@S...... #.
###<# #.#
#########.. #.
....# #.# #.
##### #.# #. #.#
#. ..# #. .)# ##
..#


You could see an adder.

Vanquished Creatures
  6 endoplasms
  2 goblins (D:1)
  5 hobgoblins
  4 jackals (D:1)
  4 kobolds (D:1)
  A quokka (D:1)
  5 ball pythons (D:1)
  2 bats (D:1)
  2 frilled lizards
  A rat (D:1)
32 creatures vanquished.

Notes
Turn   | Place    | Note
-------+----------+-------------------------------------------
     0 | D:1      | Ablot the Gnoll Warper began the quest for the Orb.
     0 | D:1      | Reached XP level 1. HP: 20/20 MP: 6/6
   268 | D:1      | Reached XP level 2. HP: 23/26 MP: 7/7
   288 | D:1      | Learned a level 2 spell: Blink
   689 | D:1      | Reached XP level 3. HP: 31/31 MP: 9/9
   719 | D:1      | Reached skill level 5 in Spellcasting
  1072 | D:2      | Reached skill level 1 in Invocations
  1187 | D:2      | HP: 1/31 [poisoned by an adder]
  1188 | D:2      | Succumbed to an adder's poison

Illustrated notes

Levels and vault maps discovered:
D:1:      minmay_arrival_open_corners, layout_rooms,
          minmay_misc_feat_more_columns, minmay_unequal
D:2:      layout_loops_corners, serial_undead, serial_undead_a, serial_undead_e,
          serial_undead_e, serial_undead_d

Skill      XL: |  1  2  3 |
---------------+----------+-----
Spellcasting   | 5 |  5.0
Invocations    | 1 |  1.0
Fighting       | |  4.5
Short Blades   | |  0.8
Long Blades    | |  0.8
Axes           | |  0.8
Maces & Flails | |  0.8
Polearms       | |  4.5
Staves         | |  0.8
Slings         | |  0.8
Bows           | |  0.8
Crossbows      | |  0.8
Throwing       | |  2.6
Armour         | |  2.6
Dodging        | |  4.5
Stealth        | |  0.8
Shields        | |  0.8
Unarmed Combat | |  0.8
Conjurations   | |  0.5
Hexes          | |  0.5
Summonings     | |  0.5
Necromancy     | |  0.5
Translocations | |  5.4
Transmutations | |  0.5
Fire Magic     | |  0.5
Ice Magic      | |  0.5
Air Magic      | |  0.5
Earth Magic    | |  0.5
Poison Magic   | |  0.5
Evocations     | |  0.8

Action                   || total
-------------------------++-------
Melee: Spear             ||   119
       Bite              ||     7
       Punch             ||     3
  Use: Potion            ||     2
Armor: Leather armour    ||    19
Dodge: Dodged            ||    62
